Map: Dusk Towers

Players

Sabaka - Winner!

  • Race: Protoss Protoss
  • League: Diamond

LilDicky

  • Race: Terran Terran
  • League: Diamond

VOD

http://www.twitch.tv/tumescentpie

Description

Time

  • Played on: Nov. 30, 2015, 5:07 p.m.
  • Length: 6:51
Show
View Real Time Build Order
Export as new Build Order

Sabaka Protoss - Winner!

Build Orders: Mass Adepts 

Get SALT Encoding   

  12  0:00  Probe (Chrono Boost)  
  13  0:11  Probe (Chrono Boost)  
  14  0:18  Pylon  
  14  0:22  Probe (Chrono Boost)  
  15  0:36  Gateway  
  15  0:37  Probe (Chrono Boost)  
  16  0:48  Probe (Chrono Boost)  
  16  0:49  Assimilator  
  17  0:52  Assimilator  
  17  0:58  Probe (Chrono Boost)  
  18  1:04  Pylon  
  18  1:09  Probe (Chrono Boost)  
  19  1:17  Gateway  
  19  1:21  Probe (Chrono Boost)  
  20  1:31  Cybernetics Core  
  20  1:36  Probe (Chrono Boost)  
  21  1:46  Probe (Chrono Boost)  
  22  1:57  Probe (Chrono Boost)  
  22  2:00  Pylon  
  23  2:08  Mothership Core (Chrono Boost)  
  25  2:10  Warp Gate  
  25  2:12  Adept  
  25  2:13  Adept  
  29  2:40  Robotics Facility  
  29  2:42  Adept x2  
  33  2:57  Gateway  
  33  3:12  Pylon  
  33  3:13  Pylon  
  31  3:32  Observer (Chrono Boost)  
  32  3:53  Immortal (Chrono Boost)  
  36  4:17  Adept x3  
  42  4:27  Immortal (Chrono Boost)  
  46  4:38  Forge  
  46  4:41  Pylon  
  46  4:42  Pylon  
  46  4:47  Adept x3  
  52  5:09  Adept x3  
  51  6:01  Pylon  
  51  6:03  Mothership Core  
  53  6:04  Pylon  
  53  6:16  Photon Cannon  
  53  6:20  Photon Cannon  
  53  6:28  Photon Cannon  
Show
View Real Time Build Order
Export as new Build Order

LilDicky Terran 

Build Orders:  

Get SALT Encoding   

  12  0:01  SCV  
  13  0:13  SCV  
  14  0:20  Supply Depot  
  14  0:27  SCV  
  15  0:30  Refinery  
  15  0:44  Barracks  
  15  0:46  SCV  
  16  0:58  SCV  
  17  1:14  SCV  
  18  1:31  Supply Depot  
  18  1:34  Factory  
  18  1:36  Marine  
  18  1:37  Orbital Command  
  19  1:56  Marine  
  19  2:00  Barracks  
  20  2:04  Barracks  
  20  2:07  SCV  
  21  2:13  Refinery  
  22  2:34  SCV  
  23  2:42  Widow Mine  
  23  2:44  Barracks Reactor  
  24  2:46  SCV  
  25  2:58  SCV  
  25  3:00  Barracks Tech Lab x2  
  26  3:10  SCV  
  26  3:11  Bunker  
  26  3:22  Combat Shields  
  26  3:23  Marine x3  
  26  3:24  Marine  
  26  3:25  SCV  
  31  3:28  Supply Depot  
  31  3:50  Marauder x2, Marine x2  
  31  3:52  Supply Depot  
  37  4:05  Starport  
  37  4:13  Marine x2, Marauder x2  
  41  4:21  Supply Depot  
  41  4:29  SCV  
  41  4:31  Marine x2  
  44  4:41  Medivac  
  44  4:45  Engineering Bay  
  46  4:50  Supply Depot  
  17  6:01  Widow Mine  
  17  6:03  Starport Tech Lab  
  17  6:04  Orbital Command  
  9  6:30  SCV  
Tags
 
Add a new tag
Caveats
  • Supply blocks, unpowered buildings, or Contaminate may cause inaccurate times.
  • Supply counts are checked every 10 seconds.